 Dungeon Crawl Stone Soup version 0.27-a0-931-g5a74e75d8f (webtiles) character file.

Game seed: 409008981011969982

1486 dickylongcocking the Magician (level 8, -2/54 HPs)
             Began as a Djinni Fire Elementalist on Apr 10, 2021.
             Killed by divine providence
             ... invoked by an orc priest
              (13 damage)
             ... on level 6 of the Dungeon.
             The game lasted 00:05:52 (6133 turns).

dickylongcocking the Magician (DjFE)                Turns: 6133, Time: 00:05:53

Health: -2/54      AC:  4    Str:  7    XL:     8   Next: 80%
Gold:   289        EV: 14    Int: 18    God:
                   SH:  0    Dex: 15

rFire    + + .     SeeInvis .   j - +0 long sword
rCold    x . .     Faith    .   (no shield)
rNeg     . . .     Spirit   .   a - +0 robe
rPois    ∞         Reflect  .   (no helmet)
rElec    .         Harm     .   p - +0 cloak
rCorr    .         Rampage  .   l - +0 pair of gloves
Will     .....                  (boots unavailable)
Stlth    +++.......             (no amulet)
HPRegen  0.18/turn              (no ring)
MPRegen  0.00/turn              (no ring)

@: about to teleport, flying, very slightly contaminated
A: fire resistance 2, cold vulnerability 1, float, innate caster, hp casting,
extra vitality 1
a: no special abilities


You were on level 6 of the Dungeon.
You visited 1 branch of the dungeon, and saw 6 of its levels.

You collected 289 gold pieces.

Inventory:

Hand Weapons
 b - a +0 short sword
 j - a +0 long sword (weapon)
Missiles
 s - 5 boomerangs of dispersal
Armour
 a - a +0 robe (worn)
 l - a +0 pair of gloves (worn)
 p - a +0 cloak (worn)
Wands
 r - a wand of paralysis (13)
 t - a wand of acid (8)
Scrolls
 d - a scroll of acquirement
 e - a scroll of teleportation
 h - 2 scrolls of immolation {unknown}
 i - a scroll of identify
 k - a scroll of torment
 n - a scroll of fog {unknown}
 q - a scroll of amnesia {unknown}
Potions
 c - 2 potions of flight {unknown}
 f - a potion of might
 g - a potion of ambrosia {unknown}
 m - a potion of haste {unknown}
 o - 2 potions of brilliance {unknown}


   Skills:
 * Level 2.0 Fighting
 - Level 0.1(1.3) Short Blades
 - Level 2.2(2.3) Long Blades
 - Level 4.6 Dodging
 - Level 4.2 Stealth
 - Level 0.8 Unarmed Combat
 * Level 7.2 Spellcasting
 - Level 0.1 Evocations


You couldn't memorise any spells.
You knew the following spells:

 Your Spells              Type           Power      Damage    Failure   Level
a - Foxfire               Conj/Fire      100%       2x1d9     1%          1
b - Conjure Flame         Conj/Fire      32%        6-21      1%          3
c - Inner Flame           Hex/Fire       32%        N/A       1%          3
d - Sticky Flame          Conj/Fire      32%        2d5       5%          4
e - Fireball              Conj/Fire      16%        3d8       16%         5
f - Sting                 Tmut/Pois      100%       1d8       1%          1
g - Poisonous Vapours     Pois/Air       64%        N/A       1%          2
h - Ensorcelled Hibernat  Hex/Ice        64%        N/A       1%          2
Your spell library was empty.

Dungeon Overview and Level Annotations

Branches:
Dungeon (6/15)
 Temple: D:4-7

Altars:
Dithmenos


Innate Abilities, Weirdness & Mutations

You are immune to poison.
Your flesh is very heat resistant. (rF++)
You are vulnerable to cold. (rC-)
You float through the air rather than walking.
You learn spells naturally, not from books.
Your magical power is your life essence.
You have superior vitality. (+4 HP)


Message History

Nothing appears to happen.
The centaur shoots an arrow.
The arrow misses you. The orc priest hits you with a +0 club.
Unknown command.
Unknown command.
Unknown command.
Casting: Fireball (quite dangerous; 16% risk of failure)
Confirm with . or Enter, or press ? or * to list all spells.
Okay, then.
Okay, then.
You feel much better.
The centaur shoots an arrow.
The arrow hits you.
The orc priest calls down the wrath of Beogh upon you.
Beogh smites you!
The centaur shoots an arrow.
The arrow hits you! The orc priest misses you.
Unknown command.
Okay, then.
Okay, then.
As you read the scroll labelled NUWILU FUK MOANAS, it crumbles to dust.
It is a scroll of identify.
k - a scroll of torment The centaur shoots an arrow.
The arrow hits you. The orc priest hits you with a +0 club.
Unknown command.
Unknown command.
This is a scroll of acquirement!
Something appears before you!
The centaur shoots an arrow.
The arrow barely misses you. The orc closely misses you.
The orc priest closely misses you.
The centaur shoots an arrow.
The arrow hits you.
* * * LOW HITPOINT WARNING * * *
The orc closely misses you. The orc priest closely misses you.
Unknown command.
Unknown command.
As you read the scroll labelled ITOMNU MOQOUZ, it crumbles to dust.
You feel strangely unstable.
It was a scroll of teleportation.
The centaur shoots an arrow.
The arrow hits you.
* * * LOW HITPOINT WARNING * * *
The orc hits you but does no damage.
The orc priest mumbles some strange prayers to Beogh against you.
Beogh smites you!
You die...

....#
#...................
....#
#...................
....#
##........†...##+##.[
.......
..............# .
........
..............#
........
..............#
........
..............#
........
..............#
.......
.....oo@......#
......
......oo......# .....
......o.......# ....
..............# ....
..........c...# ....
................ ....
..............## ....
..............#


You could see a centaur, 2 orc priests and 3 orcs.

Vanquished Creatures
  The ghost of niangp the Chopper, a novice MiBe of Trog (D:4)
  Menkaure (D:6)
  A black bear (D:4)
  A sky beast (D:6)
  3 ogres
  A bullfrog (D:6)
  A scorpion (D:5)
  A water moccasin skeleton (D:5)
  A gnoll shaman (D:4)
  2 jellies
  An orc priest (D:3)
  2 iguanas
  4 orc wizards
  A hound skeleton (D:5)
  4 gnolls
  4 adders (D:4)
  A worm (D:2)
  6 dart slugs
  2 orcs
  3 ball pythons
  5 bats
  11 endoplasms
  12 giant cockroaches
  5 goblins
  4 hobgoblins
  20 jackals
  4 frilled lizards
  6 kobolds
  6 rats
114 creatures vanquished.

Vanquished Creatures (others)
  296 foxfires
296 creatures vanquished.

Grand Total: 410 creatures vanquished

Notes
Turn   | Place    | Note
-------+----------+-------------------------------------------
     0 | D:1      | dickylongcocking the Djinni Fire Elementalist began the
                  | quest for the Orb.
     0 | D:1      | Reached XP level 1. HP: 15/15 MP: 0/0
    20 | D:1      | Reached skill level 3 in Spellcasting
   204 | D:1      | Reached XP level 2. HP: 18/21 MP: 0/0
   667 | D:1      | Found a faded altar of an unknown god.
   677 | D:1      | Reached XP level 3. HP: 19/25 MP: 0/0
   677 | D:1      | Learned a level 1 spell: Sting
  1232 | D:1      | Reached XP level 4. HP: 30/31 MP: 0/0
  2864 | D:3      | Reached skill level 4 in Spellcasting
  2867 | D:3      | Reached XP level 5. HP: 26/36 MP: 0/0
  2867 | D:3      | Learned a level 2 spell: Poisonous Vapours
  3611 | D:3      | Found a shadowy altar of Dithmenos.
  3764 | D:4      | Found a runed translucent door.
  3818 | D:4      | Reached XP level 6. HP: 39/41 MP: 0/0
  3889 | D:4      | Reached skill level 5 in Spellcasting
  3960 | D:4      | Reached skill level 1 in Fighting
  4446 | D:4      | Noticed niangp's ghost (novice MiBe)
  4552 | D:4      | Noticed a black bear
  4559 | D:4      | Killed a black bear
  4560 | D:4      | Reached XP level 7. HP: 30/47 MP: 0/0
  4560 | D:4      | Learned a level 2 spell: Ensorcelled Hibernation
  4774 | D:4      | Killed niangp's ghost
  4775 | D:4      | Reached skill level 1 in Long Blades
  4775 | D:4      | Reached skill level 6 in Spellcasting
  4931 | D:5      | Entered Level 5 of the Dungeon
  4988 | D:5      | Reached XP level 8. HP: 44/52 MP: 0/0
  5813 | D:6      | Noticed Menkaure
  5830 | D:6      | Killed Menkaure
  5831 | D:6      | Reached skill level 7 in Spellcasting
  6132 | D:6      | Identified 2 scrolls of acquirement
  6132 | D:6      | Acquired a +2 rapier of draining
  6133 | D:6      | Killed from afar by an orc priest

Illustrated notes

Levels and vault maps discovered:
D:1:      dpeg_arrival_three_smaller_balls, layout_rooms,
          ebering_ecumenical_altar_ruins
D:2:      layout_basic
D:3:      minmay_roachtagon, layout_rooms, lemuel_coloured_pillars_altar
D:4:      black_bear_nest_2, layout_rooms, ebering_ghost_sewer_d,
          chequers_mini_garden
D:5:      layout_rooms
D:6:      layout_basic, grunt_tough_drop, uniq_edmund, uniq_menkaure

Skill      XL: |  1  2  3  4  5  6  7  8 |
---------------+-------------------------+-----
Spellcasting   | 3 4 5 6 7 |  7.2
Stealth        | 2 3 4 |  4.2
Dodging        | 3 4 |  4.6
Fighting       | 1 2 |  2.0
Long Blades    | 1 2 |  2.2
Short Blades   | |  0.1
Unarmed Combat | |  0.8
Evocations     | |  0.1

Action                   |  1- 3 |  4- 6 |  7- 9 || total
-------------------------+-------+-------+-------++-------
Melee: Unarmed           |    24 |       |       ||    24
       Short sword       |     1 |     4 |       ||     5
       Long sword        |       |    13 |    12 ||    25
 Cast: Foxfire           |    50 |   123 |    10 ||   183
       Inner Flame       |       |     2 |     8 ||    10
       Sticky Flame      |       |     2 |    10 ||    12
       Fireball          |       |       |     1 ||     1
Evoke: Wand              |       |       |     2 ||     2
  Use: Potion            |     1 |     2 |     6 ||     9
       Scroll            |       |       |     3 ||     3
 Stab: Sleeping          |       |     1 |       ||     1
Armor: Robe              |    10 |     6 |     9 ||    25
Dodge: Dodged            |    41 |    40 |    33 ||   114
       Rpst.: Long sword |       |     7 |     7 ||    14

Table legend: (Time is in decaauts)
 A = Elapsed time spent in this place.
 B = Non-inter-level travel time spent in this place.
 C = Inter-level travel time spent in this place.
 D = Time resting spent in this place.
 E = Time spent auto-exploring this place.
 F = Levels seen in this place.
 G = Mean time per level.
                   A        B        C        D        E       F      G
               +--------+--------+--------+--------+--------+-----+--------+
         Total |   6145 |   6074 |     71 |    871 |   4554 |   6 | 1024.2 |
       Dungeon |   6145 |   6074 |     71 |    871 |   4554 |   6 | 1024.2 |
               +--------+--------+--------+--------+--------+-----+--------+

Top non-repeatable levels by time:
     D:1: 1675 daAuts
     D:4: 1207 daAuts
     D:2: 1045 daAuts
     D:3: 1012 daAuts
     D:5: 830 daAuts
     D:6: 375 daAuts
